 Dungeon Crawl Stone Soup version 0.24.0-13-gcf9b3192b9 (webtiles) character file.

Game seed: 6560483857896901571, levelgen mode: deterministic

3194 SaintRoka the Martial Artist (level 9, -1/81 HPs)
             Began as a Gnoll Transmuter on Nov 5, 2019.
             Slain by an orc
             ... wielding a +0 dagger
              (2 damage)
             ... on level 7 of the Dungeon.
             The game lasted 00:16:28 (3595 turns).

SaintRoka the Martial Artist (Gnoll Transmuter)     Turns: 3595, Time: 00:16:28

Health: -1/81      AC:  6    Str: 13    XL:     9   Next: 96%
Magic:  18/19      EV: 14    Int: 18    God:
Gold:   279        SH:  0    Dex: 16    Spells: 6/21 levels left

rFire    x . .     SeeInvis +     - Unarmed
rCold    + + +     Gourm    .   (shield currently unavailable)
rNeg     . . .     Faith    .   (armour currently unavailable)
rPois    +         Spirit   .   (helmet currently unavailable)
rElec    .         Reflect  .   (cloak currently unavailable)
rCorr    .         Harm     .   (gloves currently unavailable)
MR       .....                  (boots currently unavailable)
Stlth    +++.......             (no amulet)
HPRegen  0.23/turn              k - ring of see invisible
MPRegen  0.16/turn              (no ring)

@: ice-form
A: large, distributed training, strong nose
a: End Transformation


You were on level 7 of the Dungeon.
You were hungry.
You were a creature of crystalline ice.
You visited 2 branches of the dungeon, and saw 8 of its levels.
You also visited: Sewer.

You collected 279 gold pieces.

Inventory:

Hand Weapons
 h - a +0 rapier
 j - a +0 broad axe
 o - a +1 dire flail of crushing (melded)
 z - a +2 short sword of protection
Missiles
 a - 180 arrows
 n - 47 poisoned darts (quivered)
 E - 2 throwing nets
Armour
 b - a +0 robe
 e - a +0 leather armour of positive energy
 f - a +0 leather armour
 m - a +0 leather armour
 p - the cursed +1 ring mail of Integrity (melded) {rC+ MR+ Regen+ Int+2}
   (You found it on level 4 of the Dungeon)

   It affects your intelligence (+2).
   It protects you from cold.
   It affects your resistance to hostile enchantments.
   It increases your rate of regeneration.
   It has a curse placed upon it.
 r - a +0 helmet (melded)
 u - a +0 pair of boots (melded)
Jewellery
 k - a ring of see invisible (left front paw)
 q - an uncursed amulet of harm
Wands
 g - a wand of flame (24)
 l - a wand of disintegration (12)
 D - a wand of acid (4)
Scrolls
 i - 4 scrolls of fog
 s - a scroll of enchant weapon
 v - a scroll of identify
 y - a scroll of fear {unknown}
 A - a scroll of magic mapping {unknown}
 C - a scroll of teleportation {unknown}
Potions
 c - a potion of cancellation {unknown}
 t - 2 potions of brilliance {unknown}
 x - a potion of haste {unknown}
 F - 2 potions of flight
Comestibles
 d - 10 rations
 w - 4 chunks of flesh


   Skills:
 + Level 5.4 Fighting
 + Level 4.6 Short Blades
 + Level 4.6 Long Blades
 + Level 4.6 Axes
 + Level 4.6 Maces & Flails
 + Level 4.6 Polearms
 + Level 4.6 Staves
 + Level 4.6 Slings
 + Level 4.6 Bows
 + Level 4.6 Crossbows
 + Level 4.6 Throwing
 + Level 4.6 Armour
 + Level 6.6 Dodging
 + Level 4.6 Stealth
 + Level 4.6 Shields
 + Level 8.1 Unarmed Combat
 + Level 6.9 Spellcasting
 + Level 3.8 Conjurations
 + Level 3.8 Hexes
 + Level 3.8 Charms
 + Level 3.8 Summonings
 + Level 3.8 Necromancy
 + Level 3.8 Translocations
 + Level 5.5 Transmutations
 + Level 3.8 Fire Magic
 + Level 3.8 Ice Magic
 + Level 3.8 Air Magic
 + Level 3.8 Earth Magic
 + Level 3.8 Poison Magic
 + Level 5.1 Invocations
 + Level 4.6 Evocations


You had 6 spell levels left.
You knew the following spells:

 Your Spells              Type           Power        Failure   Level  Hunger
a - Beastly Appendage     Tmut           ####..       1%          1    None
b - Sticks to Snakes      Tmut           ####....     1%          2    None
c - Spider Form           Tmut/Pois      ###.......   4%          3    ##.....
d - Ice Form              Ice/Tmut       ###.....     16%         4    ####...
e - Blade Hands           Tmut           ####......   32%         5    #####..

Your spell library contained the following spells:

 Spells                   Type           Power        Failure   Level  Hunger


Dungeon Overview and Level Annotations

Branches:
Dungeon (7/15)             Temple (1/1) D:6           Sewer (visited)

Altars:
Dithmenos
Elyvilon
Hepliaklqana
Kikubaaqudgha
Nemelex Xobeh
Okawaru
Qazlal
Ru
Sif Muna
Trog
Xom
Zin
The Shining One


Innate Abilities, Weirdness & Mutations

Your experience applies equally to all skills.
((You have very sharp teeth.))
Your uncanny sense of smell can sniff out nearby items.


Message History

The orc warrior is heavily wounded.
The orc hits you but does no damage. The orc warrior closely misses you.
You completely miss the orc warrior.
The orc warrior is heavily wounded.
The orc hits you but does no damage.
You punch the orc warrior! You freeze the orc warrior.
The orc warrior is almost dead.
The orc warrior hits you with a +0 halberd!!
* * * LOW HITPOINT WARNING * * *
The orc hits you but does no damage.
You are too injured to fight recklessly!
You are too injured to fight recklessly!
You are too injured to fight recklessly!
Unknown command.
You barely miss the orc warrior.
The orc warrior is almost dead.
The orc warrior hits you with a +0 halberd!!
* * * LOW HITPOINT WARNING * * *
The orc hits you with a +0 dagger.
You die...

....≈≈≈
≈≈≈≈≈≈....≈≈≈≈≈≈
...(≈≈#
≈≈≈≈≈≈....≈≈≈≈≈≈
.y..≈≈#
................
....≈≈#
#########''''######
#....)..#....#
#.......#....#..
#.......'....'..o
#)###############
#)Yo....#
#..o......
#.........
........#.
..######## ... ??
∆∆ #### #


You could see an orc warrior and an orc.

Vanquished Creatures
  An orc knight (D:7)
  Edmund (D:6)
  3 wargs (D:7)
  A water moccasin (D:6)
  An orc warrior (D:7)
  An ice beast (D:5)
  4 ogres
  4 centaurs
  A bullfrog (D:6)
  2 scorpions (D:5)
  8 killer bees
  5 howler monkeys
  3 crimson imps
  A jelly (D:6)
  3 hounds
  An orc priest (D:4)
  A bullfrog skeleton (D:7)
  A centaur skeleton (D:6)
  A worker ant (D:7)
  2 orc wizards
  A hound skeleton (D:6)
  A howler monkey zombie (D:6)
  8 gnolls
  8 adders
  2 shadow imps
  2 oozes
  2 adder zombies
  An adder skeleton (D:6)
  2 worms
  A dart slug (D:3)
  A leopard gecko (D:7)
  20 orcs
  A bat (D:2)
  3 giant cockroaches
  2 goblins
  A hobgoblin (D:1)
  9 jackals
  2 quokkas
  3 ball pythons
  A frilled lizard (D:4)
  8 kobolds
  A leopard gecko skeleton (D:7)
125 creatures vanquished.

Notes
Turn   | Place    | Note
-------+----------+-------------------------------------------
     0 | D:1      | SaintRoka the Gnoll Transmuter began the quest for the Orb.
     0 | D:1      | Reached XP level 1. HP: 17/17 MP: 6/6
   108 | D:2      | Reached XP level 2. HP: 20/23 MP: 5/7
   117 | D:2      | Learned a level 2 spell: Sticks to Snakes
   365 | D:5      | Entered Level 5 of the Dungeon
   377 | D:4      | Reached skill level 5 in Spellcasting
   377 | D:4      | Reached skill level 1 in Invocations
   377 | D:4      | Reached XP level 3. HP: 6/28 MP: 5/9
   382 | D:4      | Learned a level 3 spell: Spider Form
   517 | D:4      | Reached skill level 1 in Short Blades
   517 | D:4      | Reached skill level 1 in Long Blades
   517 | D:4      | Reached skill level 1 in Axes
   517 | D:4      | Reached skill level 1 in Maces & Flails
   517 | D:4      | Reached skill level 1 in Polearms
   517 | D:4      | Reached skill level 1 in Staves
   517 | D:4      | Reached skill level 1 in Slings
   517 | D:4      | Reached skill level 1 in Bows
   517 | D:4      | Reached skill level 1 in Crossbows
   517 | D:4      | Reached skill level 1 in Throwing
   517 | D:4      | Reached skill level 1 in Armour
   517 | D:4      | Reached skill level 1 in Stealth
   517 | D:4      | Reached skill level 1 in Shields
   517 | D:4      | Reached skill level 1 in Evocations
   570 | D:4      | Reached XP level 4. HP: 27/34 MP: 7/11
   646 | D:4      | Got a smoking ring mail
   714 | D:4      | Identified the cursed +1 ring mail of Integrity {rC+ MR+
                  | Regen+ Int+2} (You found it on level 4 of the Dungeon)
   842 | D:5      | Learned a level 4 spell: Ice Form
   951 | D:5      | Reached skill level 1 in Conjurations
   951 | D:5      | Reached skill level 1 in Hexes
   951 | D:5      | Reached skill level 1 in Charms
   951 | D:5      | Reached skill level 1 in Summonings
   951 | D:5      | Reached skill level 1 in Necromancy
   951 | D:5      | Reached skill level 1 in Translocations
   951 | D:5      | Reached skill level 1 in Fire Magic
   951 | D:5      | Reached skill level 1 in Ice Magic
   951 | D:5      | Reached skill level 1 in Air Magic
   951 | D:5      | Reached skill level 1 in Earth Magic
   951 | D:5      | Reached skill level 1 in Poison Magic
   951 | D:5      | Noticed a centaur
   955 | D:5      | Killed a centaur
   955 | D:5      | Reached XP level 5. HP: 38/41 MP: 5/12
  1030 | D:5      | Noticed an ice beast
  1048 | D:5      | Killed an ice beast
  1048 | D:5      | Reached XP level 6. HP: 47/47 MP: 2/14
  1118 | D:5      | Reached skill level 5 in Dodging
  1411 | D:5      | Reached XP level 7. HP: 52/52 MP: 11/15
  1451 | D:6      | Reached skill level 7 in Unarmed Combat
  1484 | D:6      | Found a staircase to the Ecumenical Temple.
  1491 | Temple   | Entered the Ecumenical Temple
  1691 | D:6      | Noticed Edmund
  1706 | D:6      | Killed Edmund
  1796 | D:6      | Reached XP level 8. HP: 41/60 MP: 9/16
  1918 | D:6      | Found a glowing drain.
  1923 | Sewer    | Entered a sewer
  2629 | D:6      | Learned a level 5 spell: Blade Hands
  3053 | D:7      | Reached XP level 9. HP: 63/66 MP: 16/18
  3074 | D:7      | Reached skill level 5 in Transmutations
  3387 | D:7      | Noticed an orc knight
  3399 | D:7      | Killed an orc knight
  3399 | D:7      | Reached skill level 5 in Fighting
  3400 | D:7      | Reached skill level 8 in Unarmed Combat
  3453 | D:7      | Reached skill level 5 in Invocations
  3595 | D:7      | HP: 1/81 [orc warrior/+0 halberd (23)]
  3595 | D:7      | Slain by an orc

Levels and vault maps discovered:
D:1:      tarquinn_simple_flora_water_a, layout_rooms
D:2:      minmay_spotlight, layout_basic, nicolae_overflow_crystal_walls,
          old_standard_altar, first_ration, uniq_terence
D:3:      layout_loops_corners, nicolae_overflow_hidden_temple,
          evilmike_ruin_ashenzari
D:4:      layout_cave_pools
D:5:      wad_crossroads, layout_basic, ebering_ghost_sewer_d
D:6:      layout_basic, minmay_temple_entry_nine_rooms, portal_sewer_entry_e,
          enter_ossuary_5, uniq_edmund
D:7:      lemuel_castle_with_subvaults [lemuel_castle_interior_carwin_3],
          layout_rooms
Temple:   nicolae_temple_figure_eight

Skill      XL: |  1  2  3  4  5  6  7  8  9 |
---------------+----------------------------+-----
Spellcasting   | 5 6 |  6.9
Invocations    | 1 2 3 4 5 |  5.1
Short Blades   | 1 2 3 4 |  4.6
Long Blades    | 1 2 3 4 |  4.6
Axes           | 1 2 3 4 |  4.6
Maces & Flails | 1 2 3 4 |  4.6
Polearms       | 1 2 3 4 |  4.6
Staves         | 1 2 3 4 |  4.6
Slings         | 1 2 3 4 |  4.6
Bows           | 1 2 3 4 |  4.6
Crossbows      | 1 2 3 4 |  4.6
Throwing       | 1 2 3 4 |  4.6
Armour         | 1 2 3 4 |  4.6
Stealth        | 1 2 3 4 |  4.6
Shields        | 1 2 3 4 |  4.6
Evocations     | 1 2 3 4 |  4.6
Conjurations   | 1 2 3 |  3.8
Hexes          | 1 2 3 |  3.8
Charms         | 1 2 3 |  3.8
Summonings     | 1 2 3 |  3.8
Necromancy     | 1 2 3 |  3.8
Translocations | 1 2 3 |  3.8
Fire Magic     | 1 2 3 |  3.8
Ice Magic      | 1 2 3 |  3.8
Air Magic      | 1 2 3 |  3.8
Earth Magic    | 1 2 3 |  3.8
Poison Magic   | 1 2 3 |  3.8
Fighting       | 3 4 5 |  5.4
Transmutations | 4 5 |  5.5
Dodging        | 5 6 |  6.6
Unarmed Combat | 7 8 |  8.1

Action                   |  1- 3 |  4- 6 |  7- 9 || total
-------------------------+-------+-------+-------++-------
Melee: Unarmed           |    37 |    70 |   164 ||   271
       Kick              |     3 |       |       ||     3
       Headbutt          |     2 |       |       ||     2
       Bite              |     1 |       |    12 ||    13
       Dire flail        |       |       |   148 ||   148
Throw: Dart              |       |       |     8 ||     8
 Cast: Beastly Appendage |     3 |       |       ||     3
       Sticks to Snakes  |     2 |     1 |     3 ||     6
       Spider Form       |     4 |     6 |     7 ||    17
       Ice Form          |       |       |    10 ||    10
 Abil: End Transformatio |       |       |     1 ||     1
Evoke: Wand              |       |       |     4 ||     4
  Use: Potion            |       |     4 |     2 ||     6
       Scroll            |       |     1 |     4 ||     5
 Stab: Sleeping          |       |       |     2 ||     2
  Eat: Chunk             |       |     2 |     7 ||     9
       Ration            |       |       |     1 ||     1
Armor: Robe              |     6 |       |       ||     6
       Skin              |     1 |     7 |    19 ||    27
       Ring mail         |       |     4 |    44 ||    48
Dodge: Dodged            |    36 |    40 |   264 ||   340
